 Dungeon Crawl Stone Soup version 0.27-a0-13-g87abb2d9eb (webtiles) character file.

Game seed: 2328842545689373604

189 Goblin1989 the Sneak (level 5, -2/26 HPs)
             Began as a Vine Stalker Brigand on Jan 3, 2021.
             Slain by an ogre
             ... wielding a +0 giant spiked club
              (9 damage)
             ... on level 3 of the Dungeon.
             The game lasted 00:06:28 (2172 turns).

Goblin1989 the Sneak (Vine Stalker Brigand)         Turns: 2172, Time: 00:06:28

Health: -2/26      AC:  3    Str: 14    XL:     5   Next: 68%
Magic:  0/6        EV:  9    Int: 11    God:
Gold:   151        SH:  7    Dex: 16    Spells: 4/4 levels left

rFire    . . .     SeeInvis .   a - +2 dagger
rCold    . . .     Faith    .   h - +0 kite shield
rNeg     . . .     Spirit   +   b - +0 robe
rPois    .         Reflect  .   (no helmet)
rElec    .         Harm     .   c - +0 cloak
rCorr    .         Rampage  .   (no gloves)
Will     .....                  (no boots)
Stlth    +++.......             (no amulet)
HPRegen  0.48/turn              (no ring)
MPRegen  0.10/turn              (no ring)

@: no status effects
A: fangs 2, regeneration 1, magic shield, antimagic bite, no potion heal 3
a: no special abilities


You were on level 3 of the Dungeon.
You visited 1 branch of the dungeon, and saw 4 of its levels.

You collected 151 gold pieces.

Inventory:

Hand Weapons
 a - a +2 dagger (weapon)
Missiles
 d - 8 poisoned darts (quivered)
 e - 2 curare-tipped darts
 n - 4 silver javelins {@Q2}
 u - 7 javelins {@Q2}
Armour
 b - a +0 robe (worn)
 c - a +0 cloak (worn)
 h - a +0 kite shield (worn)
 p - a cursed +0 plate armour
 q - a +3 leather armour of cold resistance
Wands
 r - a wand of enslavement (2)
Scrolls
 f - 4 scrolls of identify {unknown}
 l - a scroll of fog {unknown}
 m - a scroll of noise {unknown}
 o - a scroll of magic mapping {unknown}
 s - a scroll of amnesia {unknown}
Potions
 g - a potion of might {@q4}
 i - a potion of curing {unknown}
 j - a potion of flight {unknown}
 k - a potion of berserk rage {unknown}
 t - 2 potions of attraction {unknown}


   Skills:
 + Level 2.0 Fighting
 * Level 3.9 Short Blades
 - Level 1.7 Throwing
 + Level 1.1 Dodging
 + Level 6.4 Stealth
 + Level 0.5 Shields


You had 4 spell levels left.
You didn't know any spells.
Your spell library was empty.

Dungeon Overview and Level Annotations

Branches:
Dungeon (4/15)
 Temple: D:4-7

Altars:
Ashenzari
Cheibriados
Dithmenos
Okawaru
Qazlal
Ru
Wu Jian
Yredelemnul

Annotations:
D:2 1 runed translucent door, Crazy Yiuf


Innate Abilities, Weirdness & Mutations

You have extremely sharp teeth.
Your natural rate of healing is unusually fast.
When hurt, damage is shared between your health and your magic reserves.
Your bite disrupts and absorbs the magic of your enemies.
Potions cannot restore your health.


Message History

No target in view!
No target in view!
No target in view!
No target in view!
No target in view!
No target in view!
No target in view!
No target in view!
No target in view!
No target in view!
There is an open door here.
There is an open door here.
There is an escape hatch in the ceiling here.
You enter the shallow water.
Moving in this stuff is going to be slow.
There is a snail-covered altar of Cheibriados here.
You enter the shallow water.
Moving in this stuff is going to be slow.
You see here the goblin skeleton of Ijyb.
Done exploring.
Done exploring.
Search for what [? for help]? .
You see here 7 javelins {@Q2}.
u - 7 javelins {@Q2} Done exploring.
Done exploring.
(D) Dungeon
Where to? (Enter - D:3 @ (x,y), ? - help)
There is a stone staircase leading down here.
You climb downwards.
An orc priest comes into view.
Found a tourmaline ring and 17 gold pieces.
Found an escape hatch in the ceiling.
There is a stone staircase leading up here.
A quokka skeleton comes into view.
An orc and an orc wizard come into view.
An orc priest and an ogre come into view.
The orc priest shouts!
The ogre shouts!
The orc shouts!
The orc priest shouts!
The orc wizard shouts!
You hit the orc priest but do no damage.
Your bite misses the orc priest. You hit the orc priest.
You bite the orc priest. You drain its power.
The orc priest is heavily wounded.
The orc wizard mumbles some strange words.
The orc wizard seems to speed up.
The orc priest closely misses you.
You hit the orc priest. Your bite misses the orc priest.
The orc priest is severely wounded.
The orc priest calls upon Beogh to heal the orc priest.
The orc priest is healed somewhat.
You hit the orc priest but do no damage.
You bite the orc priest, but do no damage.
The orc priest is moderately wounded.
The orc priest invokes the aid of Beogh against you.
Beogh smites you! The orc priest hits you.
You are too injured to fight recklessly!
You take 12 damage, and have 14/26 hp.
MASSIVE DAMAGE!!
You now have 4/6 mp.
You are too injured to fight recklessly!
You are too injured to fight recklessly!
You are too injured to fight recklessly!
You are too injured to fight recklessly!
You are too injured to fight recklessly!
You are too injured to fight recklessly!
You are too injured to fight recklessly!
You are too injured to fight recklessly!
You are too injured to fight recklessly!
You are too injured to fight recklessly!
You are too injured to fight recklessly!
You are too injured to fight recklessly!
You are too injured to fight recklessly!
You are too injured to fight recklessly!
You are too injured to fight recklessly!
You are too injured to fight recklessly!
You are too injured to fight recklessly!
You are too injured to fight recklessly!
You are too injured to fight recklessly!
You are too injured to fight recklessly!
You are too injured to fight recklessly!
You are too injured to fight recklessly!
The orc priest mumbles some strange prayers to Beogh against you.
Beogh smites you!
Ouch! That really hurt!
* * * LOW HITPOINT WARNING * * *
You take 12 damage, and have 2/26 hp.
MASSIVE DAMAGE!!
You now have 1/6 mp.
The orc priest calls upon Beogh to heal the orc priest.
The orc priest's wounds heal themselves!
There is a stone staircase leading up here.
You block the ogre's attack.
The orc wizard hits you with a +0 dagger.
* * * LOW HITPOINT WARNING * * *
You climb upwards.
There is a stone staircase leading down here.
You take 1 damage, and have 2/26 hp.
You now have 0/6 mp.
The ogre hits you with a +0 giant spiked club!!
Ouch! That really hurt!
* * * LOW HITPOINT WARNING * * *
You take 18 damage, and have 6/26 hp.
MASSIVE DAMAGE!!
You now have 2/6 mp.
You hit the ogre. You bite the ogre. You drain its power.
You feel invigorated.
The ogre is lightly wounded.
The ogre hits you with a +0 giant spiked club!
You die... .█ .█ .█ ██████

.█ ███ █..... .█
█████████.███████..... .█
██..............███...÷ .█
█.............███⌂█.... .█
█..███O██....███≈≈≈.... .█ █..█
█@██....██≈≈≈≈≈... .█ █).█
█.██......≈≈.≈≈███ .█████
███..███.......██≈≈≈≈≈.██ .█...█
█.....█████....██.≈≈≈...█ .█...█
█.....█ ██.............█
∆█.(.████.....█ █.....█..█.....█
.....∆..∆.....████........█.....█
.....████.....█..............█▲██
.....█ █.<....................██


You could see an ogre.

Vanquished Creatures
  Ijyb (D:3)
  Terence (D:2)
  7 adders
  An ooze (D:1)
  2 worms
  2 dart slugs
  4 leopard geckos
  3 giant cockroaches
  A goblin (D:2)
  2 hobgoblins
  5 jackals (D:3)
  6 kobolds
  A quokka (D:2)
  10 bats
  5 frilled lizards
  12 rats
63 creatures vanquished.

Notes
Turn   | Place    | Note
-------+----------+-------------------------------------------
     0 | D:1      | Goblin1989 the Vine Stalker Brigand began the quest for the
                  | Orb.
     0 | D:1      | Reached XP level 1. HP: 11/11 MP: 2/2
   194 | D:1      | Reached XP level 2. HP: 15/15 MP: 3/3
   233 | D:1      | Reached skill level 5 in Stealth
   456 | D:2      | Noticed Terence
   469 | D:2      | Killed Terence
   470 | D:2      | Reached XP level 3. HP: 4/18 MP: 1/4
   880 | D:2      | Gained mutation: Your natural rate of healing is unusually
                  | fast. [Vine Stalker growth]
   880 | D:2      | Reached XP level 4. HP: 14/23 MP: 2/5
  1009 | D:2      | Found an ornate altar of the Wu Jian Council.
  1009 | D:2      | Found an iron altar of Okawaru.
  1009 | D:2      | Found a broken altar of Ashenzari.
  1009 | D:2      | Found a sacrificial altar of Ru.
  1025 | D:2      | Reached skill level 6 in Stealth
  1044 | D:2      | Found a shadowy altar of Dithmenos.
  1044 | D:2      | Found a basalt altar of Yredelemnul.
  1311 | D:2      | Found a runed translucent door.
  1312 | D:2      | Noticed Crazy Yiuf
  1432 | D:3      | Reached XP level 5. HP: 26/26 MP: 6/6
  1491 | D:3      | Found a snail-covered altar of Cheibriados.
  1495 | D:3      | Noticed Ijyb
  1656 | D:3      | Killed Ijyb
  1657 | D:3      | Reached skill level 1 in Dodging
  1667 | D:3      | Found a stormy altar of Qazlal.
  2113 | D:4      | Noticed an ogre
  2123 | D:4      | HP: 1/26 [orc wizard/+0 dagger (2)]
  2172 | D:3      | Slain by an ogre

Illustrated notes

Levels and vault maps discovered:
D:1:      amcnicky_arrival_underground_garden, layout_rooms
D:2:      minmay_evil_eye, layout_rooms, minmay_overflow_temple_hex,
          minmay_pentomino_s2, uniq_terence, uniq_crazy_yiuf_cottage
D:3:      layout_basic, general_overflow_altar, kennysheep_slug_shrine,
          uniq_ijyb
D:4:      layout_cave_pools, gammafunk_ghost_necromancy, minmay_crystal_room,
          uniq_robin, uniq_edmund

Skill      XL: |  1  2  3  4  5 |
---------------+----------------+-----
Short Blades   | 2 3 |  3.9
Stealth        | 5 6 |  6.4
Dodging        | 1 |  1.1
Fighting       | 2 |  2.0
Throwing       | |  1.7
Shields        | |  0.5

Action                   |  1- 3 |  4- 6 || total
-------------------------+-------+-------++-------
Melee: Dagger            |    63 |   123 ||   186
       Bite              |    11 |    37 ||    48
Throw: Dart              |     3 |       ||     3
  Use: Potion            |       |     1 ||     1
 Stab: Sleeping          |     4 |     9 ||    13
Armor: Robe              |    22 |    45 ||    67
Dodge: Dodged            |    24 |    57 ||    81
Block: Kite shield       |    18 |    35 ||    53

Table legend: (Time is in decaauts)
 A = Elapsed time spent in this place.
 B = Non-inter-level travel time spent in this place.
 C = Inter-level travel time spent in this place.
 D = Time resting spent in this place.
 E = Time spent auto-exploring this place.
 F = Levels seen in this place.
 G = Mean time per level.
                   A        B        C        D        E       F      G
               +--------+--------+--------+--------+--------+-----+--------+
         Total |   2164 |   2053 |    111 |    244 |   1167 |   4 |  541.0 |
       Dungeon |   2164 |   2053 |    111 |    244 |   1167 |   4 |  541.0 |
               +--------+--------+--------+--------+--------+-----+--------+

Top non-repeatable levels by time:
     D:2: 821 daAuts
     D:3: 730 daAuts
     D:1: 598 daAuts
     D:4: 13 daAuts
